 Dungeon Crawl Stone Soup version 0.29-a0-319-gad05b8d819 (webtiles) character file.

Game seed: 4359982413768493955

93 kae the Firebug (level 4, -2/25 HPs)
             Began as a Tengu Fire Elementalist on Apr 1, 2022.
             Slain by an orc
             ... wielding a +0 short sword
              (6 damage)
             ... on level 3 of the Dungeon.
             The game lasted 00:01:17 (2798 turns).

kae the Firebug (Tengu Fire Elementalist)           Turns: 2798, Time: 00:01:18

Health: -2/25      AC:  2    Str:  8    XL:     4   Next: 62%
Magic:  8/8        EV: 12    Int: 18    God:
Gold:   145        SH:  0    Dex: 14    Spells: 1/7 levels left

rFire   . . .      SeeInvis .   h - +0 dagger (elec)
rCold   . . .      Faith    .   (no shield)
rNeg    . . .      Spirit   .   a - +0 robe
rPois   .          Reflect  .   (helmet restricted)
rElec   .          Harm     .   (no cloak)
rCorr   .          Rampage  .   (no gloves)
Will    .....                   (boots unavailable)
Stlth   ++........              (no amulet)
HPRegen 0.08/turn               (no ring)
MPRegen 0.11/turn               (no ring)

@: brilliant, flying, hasted, very quick
A: beak, talons 3
a: no special abilities


You were on level 3 of the Dungeon.
You visited 1 branch of the dungeon, and saw 3 of its levels.

You collected 145 gold pieces.

Inventory:

Hand Weapons
 h - a +0 dagger of electrocution (weapon)
Armour
 a - a +0 robe (worn)
Scrolls
 d - 7 scrolls of identify {unknown}
 e - a scroll of fear {unknown}
 f - 2 scrolls of teleportation {unknown}
 g - a scroll of torment {unknown}
 k - 2 scrolls of enchant armour {unknown}
 l - a scroll of magic mapping {unknown}
Potions
 b - 3 potions of magic
 c - 3 potions of brilliance
 o - a potion of degeneration {unknown}
 p - a potion of heal wounds {unknown}


   Skills:
 + Level 1.1 Fighting
 + Level 1.2 Armour
 + Level 2.6 Dodging
 - Level 2.0 Stealth
 + Level 2.3 Spellcasting
 + Level 2.5 Conjurations
 * Level 4.3 Fire Magic


You had one spell level left.
You knew the following spells:

 Your Spells              Type           Power      Damage    Failure   Level
a - Foxfire               Conj/Fire      84%        2x1d8     4%          1
b - Scorch                Fire           52%        2d7       4%          2
c - Conjure Flame         Conj/Fire      21%        6-21      13%         3

Your spell library contained the following spells:

 Spells                   Type           Power      Damage    Failure   Level
 Beastly Appendage        Tmut           6%         N/A       17%         1
 Inner Flame              Hex/Fire       14%        N/A       22%         3
 Wereblood                Tmut           3%         N/A       26%         2
 Flame Wave               Conj/Fire      21%        2d7       38%         4
 Spider Form              Tmut/Pois      3%         N/A       45%         3


Dungeon Overview and Level Annotations

Branches:
Dungeon (3/15)

Altars:
Uskayaw

Shops:
D:2 :


Innate Abilities, Weirdness & Mutations

You have a beak for a mouth.
You have claws for feet.


Message History

You feel better.
It was a potion of ambrosia.
You are confused.
You feel invigorated. The orc hits you with a +0 short sword.
The orc closely misses you.
Okay, then.
You bump into the rock wall.
The orc hits you with a +0 mace. The orc barely misses you.
The orc hits you with a +0 club.
You hit the orc but do no damage. You claw the orc.
The orc is severely wounded.
You bump into the rock wall.
The orc hits you with a +0 mace. The orc hits you with a +0 club.
The orc hits you with a +0 short sword.
* * * LOW HITPOINT WARNING * * *
You hit the orc. You claw the orc.
The orc is heavily wounded.
The orc misses you. The orc closely misses you. The orc misses you.
You barely miss the orc. You peck the orc, but do no damage.
The orc is severely wounded.
You hit the orc but do no damage. Lightning courses through the orc!
You kill the orc!
The orc barely misses you. The orc misses you.
You closely miss the orc.
The orc is severely wounded.
You feel less invigorated.
You feel less confused.
The orc suddenly complains, as Orcs often do.
The orc hits you with a +0 mace. The orc barely misses you.
You closely miss the orc. You peck the orc.
The orc is almost dead.
You hit the orc but do no damage. Your kick misses the orc.
You peck the orc, but do no damage.
The orc is almost dead.
The orc hits you with a +0 mace.
* * * LOW HITPOINT WARNING * * *
The orc hits you with a +0 short sword.
* * * LOW HITPOINT WARNING * * *
You barely miss the orc. You claw the orc.
You kill the orc!
The orc hits you with a +0 short sword.
You die...

.##. #########..#.
###.......##.#. #
#.........##.#.
#o#....)....##.#.
#o#...#....###.#.
#.'...+....##....
####...#....##.#..
#@)....#.......#<.
#o)....#.....###.>
#....###.....# ...
#....# #.....#....
###### ###.#.#....
#........ ###.## #
#.# #.#


You could see an orc.

Vanquished Creatures
  An orc priest (D:3)
  An adder (D:2)
  A worm (D:3)
  2 orcs (D:3)
  4 endoplasms
  A giant cockroach (D:1)
  8 goblins
  3 hobgoblins
  2 jackals (D:2)
  4 quokkas
  3 ball pythons (D:1)
  6 bats
  A frilled lizard (D:2)
  3 kobolds (D:1)
  8 rats
48 creatures vanquished.

Vanquished Creatures (others)
  128 foxfires
128 creatures vanquished.

Grand Total: 176 creatures vanquished

Notes
Turn   | Place    | Note
-------+----------+-------------------------------------------
     0 | D:1      | kae the Tengu Fire Elementalist began the quest for the
                  | Orb.
     0 | D:1      | Reached XP level 1. HP: 10/10 MP: 4/4
    77 | D:1      | Reached XP level 2. HP: 4/15 MP: 1/6
   288 | D:1      | Found a faded altar of an unknown god.
  1397 | D:2      | Reached XP level 3. HP: 19/20 MP: 5/7
  1721 | D:2      | You fall into a shaft and drop 1 floor!
  1721 | D:3      | Found a hide-covered altar of Uskayaw.
  1730 | D:3      | Reached skill level 4 in Fire Magic
  2275 | D:2      | Found Dailuc's Book Boutique.
  2600 | D:2      | Reached skill level 1 in Armour
  2600 | D:2      | Reached XP level 4. HP: 24/24 MP: 5/8
  2722 | D:3      | Learned a level 2 spell: Scorch
  2726 | D:3      | Learned a level 3 spell: Conjure Flame
  2746 | D:3      | Reached skill level 1 in Fighting
  2798 | D:3      | Slain by an orc

Illustrated notes

Levels and vault maps discovered:
D:1:      minmay_arrival_checkered_box, layout_basic,
          ebering_ecumenical_altar_sacrificial
D:2:      layout_basic, serial_shops, shop
D:3:      minmay_inner_zag, layout_basic, eat_drink_and_be_merry_uskayaw,
          mainiacjoe_overflow_brackets

Skill      XL: |  1  2  3  4 |
---------------+-------------+-----
Fire Magic     | 4 |  4.3
Conjurations   | 2 |  2.5
Armour         | 1 |  1.2
Fighting       | 1 |  1.1
Dodging        | |  2.6
Stealth        | |  2.0
Spellcasting   | |  2.3

Action                   |  1- 3 |  4- 6 || total
-------------------------+-------+-------++-------
Melee: Unarmed           |    17 |       ||    17
       Kick              |    10 |     3 ||    13
       Peck              |     4 |     3 ||     7
       Dagger            |    19 |    10 ||    29
 Cast: Foxfire           |    76 |     5 ||    81
  Use: Potion            |       |     7 ||     7
Armor: Robe              |    16 |     2 ||    18
Dodge: Dodged            |    49 |    15 ||    64

Table legend: (Time is in decaauts)
 A = Elapsed time spent in this place.
 B = Non-inter-level travel time spent in this place.
 C = Inter-level travel time spent in this place.
 D = Time resting spent in this place.
 E = Time spent auto-exploring this place.
 F = Levels seen in this place.
 G = Mean time per level.
                   A        B        C        D        E       F      G
               +--------+--------+--------+--------+--------+-----+--------+
         Total |   2794 |   2774 |     20 |      3 |   2422 |   3 |  931.3 |
       Dungeon |   2794 |   2774 |     20 |      3 |   2422 |   3 |  931.3 |
               +--------+--------+--------+--------+--------+-----+--------+

Top non-repeatable levels by time:
     D:1: 1394 daAuts
     D:2: 1134 daAuts
     D:3: 265 daAuts
